 Dungeon Crawl Stone Soup version 0.28-a0-691-gad6df49e81 (webtiles) character file.

Game seed: 8612838229091869896

454 grumblor the Covered (level 6, -14/57 HPs)
             Began as a Deep Dwarf Berserker on Oct 23, 2021.
             Was a Priest of Trog.
             Demolished by an ogre (24 damage)
             ... on level 4 of the Dungeon.
             The game lasted 00:07:13 (2633 turns).

grumblor the Covered (Deep Dwarf Berserker)         Turns: 2633, Time: 00:07:14

Health: -14/57     AC:  9    Str: 23    XL:     6   Next: 76%
Magic:  0/5        EV:  9    Int:  7    God:    Trog [***...]
Gold:   221        SH:  0    Dex: 12    Spells: 5/5 levels left

rFire   . . .      SeeInvis .   g - +2 trident (vamp)
rCold   . . .      Faith    .   (no shield)
rNeg    . . .      Spirit   +   n - +0 chain mail
rPois   .          Reflect  .   (no helmet)
rElec   .          Harm     .   (no cloak)
rCorr   .          Rampage  .   (no gloves)
Will    .....                   (no boots)
Stlth   ..........              k - amulet of guardian spirit
HPRegen 0.00/turn               (no ring)
MPRegen 0.09/turn               (no ring)

@: no status effects
A: damage resistance, heal wounds, sense surroundings 1, no regeneration
a: Heal Wounds, Renounce Religion, Berserk, Trog's Hand


You were on level 4 of the Dungeon.
You worshipped Trog.
Trog was most pleased with you.
You visited 1 branch of the dungeon, and saw 4 of its levels.

You collected 221 gold pieces.

Inventory:

Hand Weapons
 a - a +0 hand axe
 d - a +0 vampiric dagger
 g - a +2 vampiric trident (weapon)
 h - a +0 war axe
Missiles
 j - 4 boomerangs
 m - 14 poisoned darts (quivered)
Armour
 n - a +0 chain mail (worn)
Jewellery
 k - an amulet of guardian spirit (around neck)
Wands
 i - a wand of flame (13)
Potions
 b - 2 potions of haste {unknown}
 c - 2 potions of heal wounds {unknown}
 e - a potion of cancellation {unknown}
 f - a potion of degeneration {unknown}
 l - 2 potions of curing {unknown}


   Skills:
 * Level 4.2 Fighting
 - Level 1.2 Short Blades
 * Level 4.3 Axes
 * Level 1.8 Throwing
 + Level 4.5 Armour
 + Level 3.2 Dodging
 * Level 1.4 Evocations


You had 5 spell levels left.
You didn't know any spells.
Your spell library was empty.

Dungeon Overview and Level Annotations

Branches:
Dungeon (4/15)             Temple (0/1) D:4

Altars:
Zin

Shops:
D:1 [


Innate Abilities, Weirdness & Mutations

You are resistant to damage.
You can heal yourself by infusing magical energy.
You passively map a small area around you.
You do not regenerate.


Message History

No target in view!
No target in view!
No target in view!
No target in view!
No target in view!
e - a pink potion Unknown command.
You aren't carrying any scrolls.
Found a stone staircase leading down.
Found 31 arrows.
A kobold and an ogre come into view.
The ogre shouts!
An adder comes into view.
Throw: 16 darts (poison)
Press: ? - help, Q - select action, (/) - cycle Shift-Dir - straight line, f - ogre
Aim: an ogre, wielding a +0 giant club (74% to hit)
You throw a poisoned dart. The poisoned dart hits the ogre.
The ogre is poisoned.
The adder hisses angrily.
You reach to attack!
You hit the kobold.
You feel better.
You kill the kobold!
Trog accepts your kill.
Throw: 15 darts (poison)
Press: ? - help, Q - select action, (/) - cycle Shift-Dir - straight line, f - ogre
Aim: an ogre, wielding a +0 giant club (lightly wounded, poisoned, 73% to hit)
You throw a poisoned dart. The poisoned dart hits the ogre.
The ogre looks even sicker.
The ogre is lightly wounded.
You hit the ogre.
You feel better.
The ogre is moderately wounded.
The ogre hits you with a +0 giant club!!
* * * LOW HITPOINT WARNING * * *
You puncture the ogre!
You feel better.
The ogre is severely wounded.
The ogre hits you with a +0 giant club.
* * * LOW HITPOINT WARNING * * *
You hit the ogre.
The ogre is almost dead.
The ogre hits you with a +0 giant club!!
You die...

, #...>...†... #...
#.........## #....#####
#........... #........#
#.....(...##
#....###.########.........##
#$...+....................†.
#....###.########.........##
#..####.########.........#
#.>(....SO@............###
#..####.##############..#
#(.# #.# ##.## #..# #.#
#..## #.(# #.# ##.#. #.S#
#.# #.#. #..#* #.# #.#. #...
#.# #... ##.# #####..


You could see an ogre (poisoned) and an adder.

Vanquished Creatures
  An ogre (D:4)
  A water moccasin skeleton (D:4)
  A howler monkey (D:4)
  3 electric eels (D:3)
  An orc wizard (D:3)
  6 adders
  2 worms
  3 dart slugs
  6 orcs (D:3)
  5 ball pythons
  4 bats
  3 endoplasms
  3 giant cockroaches
  9 goblins
  7 hobgoblins
  11 kobolds
  2 quokkas (D:1)
  2 frilled lizards (D:2)
  5 rats
75 creatures vanquished.

Vanquished Creatures (others)
  A plant (D:3)
1 creature vanquished.

Grand Total: 76 creatures vanquished

Notes
Turn   | Place    | Note
-------+----------+-------------------------------------------
     0 | D:1      | grumblor the Deep Dwarf Berserker began the quest for the
                  | Orb.
     0 | D:1      | Reached XP level 1. HP: 20/20 MP: 1/1
   134 | D:1      | Found Zuitill's Armour Shoppe.
   199 | D:1      | Reached XP level 2. HP: 28/28 MP: 2/2
   602 | D:1      | Found a faded altar of an unknown god.
   923 | D:2      | Reached XP level 3. HP: 34/34 MP: 3/3
   929 | D:2      | Reached ** piety under Trog
   982 | D:2      | Reached skill level 1 in Short Blades
  1147 | D:2      | Found a glowing silver altar of Zin.
  1509 | D:3      | Reached XP level 4. HP: 42/42 MP: 0/4
  1762 | D:3      | Found a transporter.
  1774 | D:3      | Reached XP level 5. HP: 34/50 MP: 0/5
  1777 | D:3      | Reached skill level 1 in Throwing
  1889 | D:3      | Found a transporter.
  2331 | D:4      | Reached XP level 6. HP: 57/57 MP: 0/5
  2341 | D:4      | Found a staircase to the Ecumenical Temple.
  2357 | D:4      | Reached *** piety under Trog
  2402 | D:4      | Reached skill level 1 in Evocations
  2633 | D:4      | Demolished by an ogre

Illustrated notes

Levels and vault maps discovered:
D:1:      lightli_arrival_flooded_house, layout_basic,
          shapermc_ecumenical_altar_rom_forum, serial_shops,
          nicolae_shop_statue_plus
D:2:      layout_rooms, basic_altar, minmay_pentomino_u4
D:3:      gammafunk_steamed_eel, layout_loops_corners
D:4:      layout_basic, minmay_temple_entry_statues_pillars

Skill      XL: |  1  2  3  4  5  6 |
---------------+-------------------+-----
Fighting       | 3 4 |  4.2
Short Blades   | 1 |  1.2
Armour         | 3 4 |  4.5
Throwing       | 1 |  1.8
Dodging        | 3 |  3.2
Axes           | 4 |  4.3
Evocations     | 1 |  1.4

Action                   |  1- 3 |  4- 6 || total
-------------------------+-------+-------++-------
Melee: Dagger            |   156 |       ||   156
       Hand axe          |     4 |       ||     4
       Trident           |    28 |   123 ||   151
Throw: Dart              |       |     5 ||     5
 Abil: Heal Wounds       |       |     1 ||     1
Evoke: Wand              |       |     3 ||     3
  Use: Scroll            |     3 |     1 ||     4
 Stab: Sleeping          |     1 |       ||     1
Armor: Scale mail        |    98 |    17 ||   115
       Animal skin       |     2 |       ||     2
       Chain mail        |       |    30 ||    30
Dodge: Dodged            |   134 |    40 ||   174

Table legend: (Time is in decaauts)
 A = Elapsed time spent in this place.
 B = Non-inter-level travel time spent in this place.
 C = Inter-level travel time spent in this place.
 D = Time resting spent in this place.
 E = Time spent auto-exploring this place.
 F = Levels seen in this place.
 G = Mean time per level.
                   A        B        C        D        E       F      G
               +--------+--------+--------+--------+--------+-----+--------+
         Total |   2662 |   2593 |     69 |    100 |   1779 |   4 |  665.5 |
       Dungeon |   2662 |   2593 |     69 |    100 |   1779 |   4 |  665.5 |
               +--------+--------+--------+--------+--------+-----+--------+

Top non-repeatable levels by time:
     D:3: 1026 daAuts
     D:1: 842 daAuts
     D:2: 444 daAuts
     D:4: 349 daAuts
